 Dungeon Crawl Stone Soup version 0.18.1-5-g4a78601 (webtiles) character file.

1629 dorian the Frost Mage (level 8, -7/52 HPs)
             Began as a Merfolk Ice Elementalist on May 9, 2016.
             Was a Follower of Vehumet.
             Mangled by a griffon (8 damage)
             ... on level 5 of the Dungeon.
             The game lasted 00:16:06 (7254 turns).

dorian the Frost Mage (Merfolk Ice Elementalist)    Turns: 7254, Time: 00:16:08

Health: -7/52      AC:  5    Str:  9    XL:     8   Next: 97%
Magic:  1/17       EV: 12    Int: 16    God:    Vehumet [*.....]
Gold:   278        SH:  0    Dex: 14    Spells: 4 memorised, 8 levels left

rFire  . . .     SeeInvis .     h - +2 dagger (venom)
rCold  . . .     Gourm    .     w - +1 leather armour {rPois}
rNeg   . . .     Faith    .     (no shield)
rPois  +         Spirit   .     (no helmet)
rElec  .         Dismiss  .     (no cloak)
rCorr  .         Reflect  .     (no gloves)
SustAt .         Harm     .     t - +0 pair of boots
MR     .....                    (no amulet)
Stlth  ++........               (no ring)
                                F - ring of flight

@: very slightly contaminated, not resistant to hostile enchantments, unstealthy
A: change form in water, swift swim
a: Renounce Religion, Evoke Flight


You were on level 5 of the Dungeon.
You worshipped Vehumet.
Vehumet was aware of your devotion.
You were very hungry.

You visited 1 branch of the dungeon, and saw 5 of its levels.

You collected 278 gold pieces.

Inventory:

Hand Weapons
 h - a +2 dagger of venom (weapon)
 o - a +4 dagger of draining
Missiles
 C - 3 silver tomahawks (quivered)
Armour
 a - a +0 robe
 t - a +0 pair of boots (worn)
 w - a +1 leather armour of poison resistance (worn)
Jewellery
 r - an uncursed amulet of rage
 F - a ring of flight (left hand)
Wands
 z - a wand of iceblast (0/15)
Scrolls
 d - 3 scrolls of recharging {unknown}
 e - 3 scrolls of teleportation {unknown}
 f - 2 scrolls of identify {unknown}
 g - 2 scrolls of enchant armour {unknown}
 j - 2 scrolls of noise {unknown}
 k - a scroll of remove curse {unknown}
 y - 2 scrolls of amnesia {unknown}
 B - a scroll of blinking {unknown}
Potions
 i - a potion of resistance {unknown}
 l - a potion of mutation {unknown}
 m - a potion of might
 n - a potion of brilliance {unknown}
 p - 3 potions of agility {unknown}
 s - a potion of lignification {unknown}
 u - a potion of berserk rage {unknown}
 v - a potion of curing {unknown}
 x - a potion of magic {unknown}
 A - a potion of haste {unknown}
 D - a potion of cancellation {unknown}
Books
 b - a book of Frost

   Spells                             Type                      Level
   a - Freeze                         Ice                          1
   b - Throw Frost                    Conjuration/Ice              2
   c - Ozocubu's Armour               Charms/Ice                   3
   d - Throw Icicle                   Conjuration/Ice              4
   e - Summon Ice Beast               Ice/Summoning                4
Comestibles
 c - 4 bread rations
 q - 2 meat rations
 E - 3 chunks of flesh


   Skills:
 - Level 2.6 Dodging
 - Level 2.1 Stealth
 + Level 6.0 Spellcasting
 - Level 0.7 Conjurations
 * Level 10.3 Ice Magic


You had 8 spell levels left.
You knew the following spells:

 Your Spells              Type           Power        Failure   Level  Hunger
a - Freeze                Ice            ####         1%          1    None
b - Throw Frost           Conj/Ice       ###...       2%          2    #......
c - Throw Icicle          Conj/Ice       ###.....     21%         4    ####...
d - Summon Ice Beast      Ice/Summ       ###.....     24%         4    ####...


Dungeon Overview and Level Annotations

Branches:
Dungeon (5/15)
 Temple: D:4-7

Altars:
Fedhas
Nemelex Xobeh
Trog
Vehumet
Yredelemnul

Annotations:
D:3 dorian's ghost, weakling DrTm
D:5 2 runed doors


Message History

Evoking this partially-identified wand wasted a few charges.
The griffon bites you. The griffon pecks you!
The griffon claws you but does no damage.
Some of the chunks of flesh in your inventory have rotted away.
Evoke which item? (* to show all) (? for menu, Esc to quit)
Zapping:
z - a wand of iceblast {zapped: 11} (will waste charges)
Press: ? - help, Shift-Dir - straight line Nothing appears to happen.
The griffon bites you. The griffon pecks you. The griffon barely misses you.
You hit the griffon.
The griffon is severely wounded.
The griffon bites you. The griffon pecks you. The griffon claws you!
* * * LOW HITPOINT WARNING * * *
You barely miss the griffon.
The griffon is severely wounded.
The griffon bites you but does no damage.
The griffon pecks you!
* * * LOW HITPOINT WARNING * * *
The griffon claws you!
You die...

...##....# #.##
...##....### #..#
...##......## ##.#
...##....#..### #.##
...#..........## #..#
####...######..# ##.##
#..##....##.# #...#
#..#.####.#.#####.#.##
#..#.#.#..#..@H......#
#..#.##.#.'.##''##...#
#..#..#######8..8##..#
#..##....# 8....8#..#
#...###### #[....(#..#
#...###### #)....[#..#
#..##(#..# #8....8#..#
#..#.##.#####8..8##..#
#..#.#.##.'.##++##...#


You could see a griffon.

Vanquished Creatures
  A troll (D:5)
  Sigmund (D:5)
  A hungry ghost (D:5)
  2 ogres (D:5)
  2 howler monkeys (D:4)
  A centaur zombie (D:5)
  A giant frog zombie (D:5)
  A giant frog skeleton (D:4)
  A centaur skeleton (D:5)
  A hound (D:4)
  A jelly (D:5)
  2 iguanas (D:5)
  Jessica (D:2)
  7 orc wizards
  Ijyb (D:2)
  3 worker ants
  6 adders
  A shadow imp (D:5)
  An adder skeleton (D:5)
  4 worms
  3 dart slugs
  3 giant geckos
  15 orcs
  2 ball pythons
  4 giant cockroaches
  3 goblins
  6 hobgoblins
  5 jackals
  6 kobolds
  4 bats
  5 giant newts
  A jackal skeleton (D:4)
  3 rats
99 creatures vanquished.

Vanquished Creatures (collateral kills)
  2 phantoms (D:5)
  An ogre (D:5)
  2 orc wizards (D:5)
  A rat (D:5)
6 creatures vanquished.

Vanquished Creatures (others)
  A worm (D:2)
  A bat (D:2)
2 creatures vanquished.

Grand Total: 107 creatures vanquished

Notes
Turn   | Place    | Note
--------------------------------------------------------------
     0 | D:1      | dorian the Merfolk Ice Elementalist began the quest for the Orb.
     0 | D:1      | Reached XP level 1. HP: 13/13 MP: 3/3
   430 | D:1      | Reached XP level 2. HP: 16/19 MP: 1/5
   726 | D:1      | Reached skill level 4 in Ice Magic
   869 | D:2      | Reached XP level 3. HP: 24/24 MP: 2/6
   904 | D:2      | Learned a level 2 spell: Throw Frost
  1219 | D:2      | Reached XP level 4. HP: 30/30 MP: 7/7
  1389 | D:2      | Found a radiant altar of Vehumet.
  1401 | D:2      | Became a worshipper of Vehumet
  1491 | D:2      | Noticed Ijyb
  1499 | D:2      | Killed Ijyb
  1499 | D:2      | Reached skill level 5 in Ice Magic
  1650 | D:2      | Noticed Jessica
  1829 | D:2      | Killed Jessica
  1829 | D:2      | Reached XP level 5. HP: 31/35 MP: 6/9
  2276 | D:3      | Found a blossoming altar of Fedhas.
  2405 | D:3      | Noticed dorian's ghost (weakling DrTm)
  2521 | D:4      | Learned a level 4 spell: Throw Icicle
  2570 | D:4      | Reached skill level 6 in Ice Magic
  2861 | D:4      | Reached XP level 6. HP: 39/41 MP: 6/11
  3369 | D:4      | Reached skill level 7 in Ice Magic
  3989 | D:4      | Found a sparkling altar of Nemelex Xobeh.
  4021 | D:5      | Entered Level 5 of the Dungeon
  4030 | D:5      | Reached XP level 7. HP: 41/46 MP: 4/13
  4031 | D:5      | Noticed Sigmund
  4041 | D:5      | Killed Sigmund
  4042 | D:5      | Found a basalt altar of Yredelemnul.
  4384 | D:5      | Reached * piety under Vehumet
  4384 | D:5      | Offered knowledge of Sandblast by Vehumet.
  4399 | D:5      | Reached skill level 8 in Ice Magic
  5208 | D:5      | Found a large runed door.
  5210 | D:5      | Found a large runed door.
  5222 | D:5      | Found a large runed door.
  5222 | D:5      | Found a large runed door.
  5458 | D:4      | Learned a level 4 spell: Summon Ice Beast
  5517 | D:5      | Reached XP level 8. HP: 7/52 MP: 12/15
  5970 | D:5      | Reached skill level 5 in Spellcasting
  6039 | D:5      | Reached skill level 9 in Ice Magic
  6284 | D:5      | Found a bloodstained altar of Trog.
  6468 | D:5      | Noticed a troll
  6499 | D:5      | Killed a troll
  7004 | D:5      | Reached skill level 10 in Ice Magic
  7236 | D:5      | Noticed a griffon
  7254 | D:5      | HP: 1/52 [griffon (7)]
  7254 | D:5      | Mangled by a griffon

Skill      XL: |  1  2  3  4  5  6  7  8 |
---------------+-------------------------+-----
Ice Magic      | 4 5 6 7 8 10 | 10.3
Spellcasting   | 3 4 6 |  6.0
Dodging        | |  2.6
Stealth        | |  2.1
Conjurations   | |  0.7

Action                   |  1- 3 |  4- 6 |  7- 9 || total
-------------------------+-------+-------+-------++-------
Melee: Unarmed           |     9 |       |       ||     9
       Dagger            |    46 |    65 |   138 ||   249
       Tailslap          |       |       |     1 ||     1
Throw: Tomahawk          |       |       |     2 ||     2
 Cast: Freeze            |    19 |    23 |    43 ||    85
       Throw Frost       |     1 |    38 |    20 ||    59
       Throw Icicle      |       |       |     4 ||     4
       Summon Ice Beast  |       |       |    14 ||    14
Evoke: Wand              |       |       |     4 ||     4
  Use: Potion            |       |       |     1 ||     1
 Stab: Sleeping          |     2 |     3 |     1 ||     6
       Distracted        |       |       |     1 ||     1
  Eat: Chunk             |     1 |    11 |     4 ||    16
       Pizza             |       |       |     1 ||     1
       Beef jerky        |       |       |     1 ||     1
       Fruit             |       |       |     3 ||     3
       Bread ration      |       |       |     1 ||     1
Armor: Robe              |     6 |    10 |    22 ||    38
       Leather armour    |       |       |     8 ||     8
Dodge: Dodged            |    48 |    32 |    92 ||   172
